 Dungeon Crawl Stone Soup version 0.28.0-43-g3370ac3207 (webtiles) character file.

Game seed: 3611638769519139283

393 boopmooplesden the Covered (level 6, 0/55 HPs)
             Began as a Minotaur Fighter on Mar 8, 2022.
             Was a Follower of Okawaru.
             Slain by a scorpion (2 damage)
             ... on level 4 of the Dungeon.
             The game lasted 00:05:21 (4337 turns).

boopmooplesden the Covered (Minotaur Fighter)       Turns: 4337, Time: 00:05:23

Health: 0/55       AC:  7    Str: 22    XL:     6   Next: 51%
Magic:  5/5        EV: 10    Int:  5    God:    Okawaru [*.....]
Gold:   132        SH:  0    Dex: 10    Spells: 5/5 levels left

rFire   . . .      SeeInvis .   i - +1 quarterstaff (speed)
rCold   . . .      Faith    .   (shield currently unavailable)
rNeg    . . .      Spirit   .   b - +0 scale mail
rPois   .          Reflect  .   (helmet restricted)
rElec   .          Harm     .   (no cloak)
rCorr   .          Rampage  .   (no gloves)
Will    .....                   (no boots)
Stlth   ..........              (no amulet)
HPRegen 0.18/turn               (no ring)
MPRegen 0.09/turn               (no ring)

@: hasted, very quick
A: horns 2, retaliatory headbutt
a: Renounce Religion, Heroism


You were on level 4 of the Dungeon.
You worshipped Okawaru.
Okawaru was aware of your devotion.
You visited 1 branch of the dungeon, and saw 4 of its levels.
You also visited: Ossuary.

You collected 132 gold pieces.

Inventory:

Hand Weapons
 a - a +0 war axe
 i - a +1 quarterstaff of speed (weapon)
 r - the +6 hand axe of Aggyd {flame, rC+}
   (You found it on level 3 of the Dungeon)

   It burns those it strikes, dealing additional fire damage.
   Big, fiery blades are also staple armaments of hydra-hunters.
   rC:        It protects you from cold.
Missiles
 g - 2 throwing nets (quivered)
Armour
 b - a +0 scale mail (worn)
 c - a +0 buckler
 o - a +0 chain mail
Jewellery
 h - a ring of resist corrosion
 k - an amulet of magic regeneration
Wands
 p - a wand of paralysis (9)
Scrolls
 m - a scroll of noise
 s - a scroll of enchant armour {unknown}
 t - a scroll of fog
 u - a scroll of teleportation {unknown}
 v - a scroll of summoning {unknown}
Potions
 d - a potion of might
 e - a potion of heal wounds {unknown}
 f - a potion of degeneration {unknown}
 j - a potion of flight {unknown}
 l - a potion of haste
 n - a potion of cancellation {unknown}
 q - a potion of ambrosia {unknown}


   Skills:
 + Level 4.9 Fighting
 + Level 3.1 Axes
 + Level 5.2 Staves
 + Level 5.4 Armour
 + Level 0.9 Dodging
 + Level 3.9 Shields


You had 5 spell levels left.
You didn't know any spells.
Your spell library contained the following spells:

 Spells                   Type           Power      Damage    Failure   Level
 Anguish                  Hex/Necr       0%         N/A       100%        4
 Enfeeble                 Hex            0%         N/A       100%        7
 Tukima's Dance           Hex            Unusable   N/A       N/A         3

Dungeon Overview and Level Annotations

Branches:
Dungeon (4/15)            Ossuary (visited)
 Temple: D:4-7

Altars:
Gozag
Makhleb
Okawaru

Shops:
D:2 ?

Annotations:
D:4 Blork the orc


Innate Abilities, Weirdness & Mutations

You have a pair of horns on your head.
You reflexively headbutt those who attack you in melee.


Message History

Blork the orc hits you with a +2 hand axe of electrocution.
You hit Blork the orc. You headbutt Blork the orc.
Blork the orc is heavily wounded.
You hit Blork the orc but do no damage. You headbutt Blork the orc.
Blork the orc is heavily wounded.
Blork the orc hits you with a +2 hand axe of electrocution.
You hit Blork the orc but do no damage.
Blork the orc is heavily wounded.
A kobold comes into view. It is wielding a +0 club.
Blork the orc hits you with a +2 hand axe of electrocution.
You barely miss Blork the orc. You headbutt Blork the orc.
Blork the orc is heavily wounded.
The scorpion stings you.
You barely miss Blork the orc.
Blork the orc is heavily wounded.
Blork the orc hits you with a +2 hand axe of electrocution!
* * * LOW HITPOINT WARNING * * *
The scorpion stings you but does no damage.
You hit Blork the orc but do no damage.
Blork the orc is heavily wounded.
Blork the orc hits you with a +2 hand axe of electrocution.
* * * LOW HITPOINT WARNING * * *
The scorpion barely misses you. You furiously retaliate!
You headbutt the scorpion. You closely miss Blork the orc.
You headbutt Blork the orc!
Blork the orc is almost dead.
You hit Blork the orc but do no damage. Your headbutt misses Blork the orc.
Blork the orc is almost dead.
The scorpion closely misses you. Blork the orc casts a spell at you.
The magic dart hits you.
* * * LOW HITPOINT WARNING * * *
You closely miss Blork the orc.
Blork the orc is almost dead.
The scorpion barely misses you. You furiously retaliate!
You headbutt the scorpion.
Blork the orc hits you with a +2 hand axe of electrocution.
* * * LOW HITPOINT WARNING * * *
You feel yourself speed up. The scorpion stings you.
You die...

... ... ..... ...
#..... ...
#...#.##.#
#......#.# #
#.#.#..#.##.####
.
#.#......oK.....
.. ..#......#@#
..
......#..s.##..#
..
.................
.#<#.#.##.##..##
#.# #.##.# .#
#.#.#.####
####### #.#.#.#
##.....## ..
#.#.#.# #8.....8#
#.#######.#.#.##
##.....##


You could see Blork the orc, a scorpion and a kobold.

Vanquished Creatures
  An elf zombie (Ossuary)
  3 human zombies (Ossuary)
  An orc wizard (D:3)
  3 mummies (Ossuary)
  6 adders
  6 adder zombies (Ossuary)
  A worm (D:3)
  2 dart slugs
  4 orcs
  6 bats
  4 endoplasms
  A giant cockroach (D:2)
  2 gnoll zombies (Ossuary)
  4 goblins
  8 hobgoblins
  3 jackals (D:1)
  2 quokkas
  10 ball pythons
  6 frilled lizards
  A goblin zombie (Ossuary)
  3 hobgoblin zombies (Ossuary)
  2 jackal zombies (Ossuary)
  6 kobolds
  5 kobold zombies (Ossuary)
  3 orc zombies (Ossuary)
  4 quokka zombies (Ossuary)
  3 rats
  6 rat zombies (Ossuary)
106 creatures vanquished.

Vanquished Creatures (others)
  A demonic plant (D:1)
  A fungus (D:1)
2 creatures vanquished.

Grand Total: 108 creatures vanquished

Notes
Turn   | Place    | Note
-------+----------+-------------------------------------------
     0 | D:1      | boopmooplesden the Minotaur Fighter began the quest for the
                  | Orb.
     0 | D:1      | Reached XP level 1. HP: 19/19 MP: 0/0
   144 | D:1      | Reached XP level 2. HP: 21/27 MP: 1/1
   334 | D:1      | Found a faded altar of an unknown god.
  1268 | D:2      | Found an iron altar of Okawaru.
  1273 | D:2      | Reached XP level 3. HP: 26/33 MP: 2/2
  1281 | D:2      | Became a worshipper of Warmaster Okawaru
  2096 | D:2      | Reached skill level 1 in Staves
  2096 | D:2      | Reached XP level 4. HP: 41/41 MP: 3/3
  2101 | D:2      | Found Gopsig's Magic Scroll Boutique.
  3125 | D:3      | Found an iron altar of Okawaru.
  3133 | D:3      | Identified the +6 hand axe of Aggyd {flame, rC+}
  3336 | D:3      | Reached skill level 5 in Armour
  3345 | D:3      | Reached XP level 5. HP: 47/47 MP: 4/4
  3645 | D:3      | Found a burning altar of Makhleb.
  3645 | D:3      | Noticed an Executioner
  3648 | D:3      | Noticed a hellwing
  3648 | D:3      | Noticed a smoke demon
  3892 | D:4      | Found an opulent altar of Gozag.
  3971 | D:4      | Found a sand-covered staircase.
  3979 | Ossuary  | Entered an ossuary
  4127 | Ossuary  | Reached * piety under Okawaru
  4128 | Ossuary  | Reached XP level 6. HP: 52/55 MP: 5/5
  4225 | Ossuary  | Reached skill level 5 in Staves
  4323 | D:4      | Noticed Blork the orc
  4336 | D:4      | HP: 2/55 [Blork the orc/+2 hand axe of electrocution (3)]
  4337 | D:4      | Slain by a scorpion

Illustrated notes

Levels and vault maps discovered:
D:1:      kilobyte_arrival_exit_the_forest, layout_basic,
          shapermc_ecumenical_altar_gd, minmay_splitting_lines,
          minmay_pentomino_w2
D:2:      layout_loops_corners, serial_shops, shop, minmay_hedge_maze,
          kennysheep_flooded_box
D:3:      layout_basic, makhleb_altar_promises_db, okawaru_ov_weapons_minmay
D:4:      layout_basic, vehumet_statue,
          nicolae_gozag_cash_rules_everything_around_me,
          chequers_ossuary_entry_cave, guppyfry_shop_venom, uniq_pikel,
          uniq_blork_the_orc, uniq_edmund

Skill      XL: |  1  2  3  4  5  6 |
---------------+-------------------+-----
Armour         | 4 5 |  5.4
Fighting       | 4 |  4.9
Axes           | 3 |  3.1
Staves         | 1 2 4 5 |  5.2
Dodging        | |  0.9
Shields        | |  3.9

Action                   |  1- 3 |  4- 6 || total
-------------------------+-------+-------++-------
Melee: War axe           |    33 |       ||    33
       Headbutt          |     7 |    33 ||    40
       Quarterstaff      |    64 |   169 ||   233
  Use: Scroll            |       |     5 ||     5
       Potion            |       |     1 ||     1
Armor: Scale mail        |    52 |    63 ||   115
Dodge: Dodged            |    57 |    77 ||   134
Block: Buckler           |    13 |       ||    13
